[Event "3rd Sharjah Challengers 2023"]
[Site "Sharjah"]
[Date "2023.05.19"]
[Round "3.9"]
[White "Haznedaroglu, Kivanc"]
[Black "Koniahli, Malek."]
[Result "1/2-1/2"]
[ECO "D12"]
[WhiteElo "2418"]
[BlackElo "2248"]
[Annotator "TA"]
[PlyCount "158"]
[EventDate "2023.05.16"]
[EventType "swiss"]
[EventCountry "UAE"]
[SourceTitle "playchess.com"]
[Source "ChessBase"]
[SourceQuality "1"]
[TimeControl "5400+30"]

1. d4 d5 2. c4 c6 3. Nf3 Nf6 4. e3 Bf5 5. Nc3 e6 6. Nh4 Bg6 7. Qb3 {[%emt 0:02:13] D12: Slav Defence: 3 Nf3 Nf6 4 e3 Bf5.} Qc7 8. Bd2 Nbd7 9. Nxg6 hxg6 10. g3 Be7 11. Bg2 dxc4 12. Qxc4 e5 {[%emt 0:00:35] [#]} 13. O-O $146 ({Predecessor:} 13. dxe5 Nxe5 14. Qe2 Rd8 15. O-O O-O 16. Rfd1 Nd3 17. Rab1 Qe5 18. Be1 Nxe1 19. Qxe1 Qe6 20. Rxd8 {½-½ Roussel Roozmon,T (2489)-Nguyen,H (2482) Budapest FS06 GM 2008 (4)}) 13... Nb6 14. Qb3 exd4 15. exd4 O-O 16. a4 Rfd8 17. a5 {[%emt 0:00:16] Strongly threatening Bf4.} Nbd5 {[%emt 0:00:09] Prevents Bf4.} 18. a6 Rab8 19. Nxd5 Nxd5 20. Qc4 bxa6 (20... b5 $5 21. Qc2 Qd7 $11) 21. Rxa6 {[%emt 0:01:35] Bxd5 is the strong threat.} Rxb2 (21... Nb4 $14) 22. Rxc6 $16 Qd7 23. Ba5 {[%emt 0:00:50] This pair of bishops is nice.} Nb6 24. Qc1 (24. Rxg6 $2 Nxc4 25. Bxd8 Bxd8 $19) 24... Rb5 25. Rc7 Rxa5 (25... Qd6 $16 {might work better.} 26. Rxa7 Rc8) 26. Rxd7 $18 Rxd7 27. Rd1 Bf6 28. Qe3 Rd8 29. h4 Nd5 30. Qb3 Ne7 31. Qb7 {[%emt 0:00:19] Qc7 would be deadly.} Nf5 32. d5 Ra2 {[%emt 0:00:55] [#]} (32... Bd4 $16) 33. d6 $1 Nxd6 34. Qc7 Ra6 35. Bf1 Rb6 36. Qxa7 {[%emt 0:00:15] White is more active.} Rc6 37. Bg2 Rcc8 38. Bd5 Kh7 39. Kg2 $36 {[%emt 0:00:48][%mdl 2048] Black is under strong pressure.} ({Inferior is} 39. Bxf7 Nxf7 40. Rxd8 Nxd8 $17) 39... Rf8 (39... Kg8 $142 40. Qa6 Ne8) 40. Rd3 Rce8 41. Qc7 (41. g4 $142) 41... Nf5 42. Qc4 Re7 {[%emt 0:01:27] [#]} 43. h5 $1 gxh5 44. Be4 g6 (44... Rxe4 {was called for.} 45. Qxe4 g6) 45. Bxf5 gxf5 46. Qc5 (46. Rd5 $142) 46... Kg7 47. Qxf5 Re5 48. Qf4 {[%emt 0:00:08] Hoping for Rf3.} Rg5 (48... Rfe8 $16 49. Rd7 R5e7) 49. Rd7 Rg6 50. Kh3 Rg4 51. Qf3 Rg6 52. Qd5 (52. Qxh5 $2 {is the wrong capture.} Rh6 $19) 52... Rg5 53. Qc4 Rg4 54. f4 Rg6 55. Qd5 Rh6 56. Kg2 Rh7 57. Qf5 Rh6 58. Kf3 Re8 59. Rb7 Rf8 60. Qd5 Rh7 61. Ke4 (61. Rb6 $18 {[%cal Ob6f6] White threatens Rxf6! and mate.} Rhh8 62. Rb7) 61... Rh6 (61... h4 $16) 62. Kf3 Rh7 $1 63. Rb6 {[%emt 0:01:29][%cal Ob6f6] Threatening mate with Rxf6!} Rh6 64. Rb7 Rh7 $1 65. Rb1 Rh6 66. Rh1 Rfh8 67. Qf5 R6h7 $2 (67... Be7 68. Rh3 Bd8) 68. Rg1 $2 (68. g4 Rf8 69. g5) 68... Rh6 69. g4 (69. Rb1 $18 {and White stays clearly on top.}) 69... hxg4+ $16 70. Rxg4+ Rg6 71. Rxg6+ fxg6 {[%emt 0:00:04][%mdl 4096] Endgame KQ-KRB} 72. Qd7+ Kg8 73. Qd5+ Kg7 74. Qb7+ Kg8 75. Ke4 Rh5 76. Qc8+ Kg7 77. Qd7+ Kg8 78. Qe6+ Kg7 79. Qd7+ Kg8 $1 {White really could win this.   Weighted Error Value: White=0.11 (very precise) /Black=0.15 (very precise)} 1/2-1/2

[Event "3rd Sharjah Challengers 2023"]
[Site "Sharjah"]
[Date "2023.05.20"]
[Round "4.1"]
[White "Sivuk, Vitaly"]
[Black "Lim, Zhuo Ren"]
[Result "1-0"]
[ECO "D27"]
[WhiteElo "2489"]
[BlackElo "2294"]
[Annotator "TA"]
[PlyCount "59"]
[EventDate "2023.05.16"]
[EventType "swiss"]
[EventCountry "UAE"]
[SourceTitle "playchess.com"]
[Source "ChessBase"]
[SourceQuality "1"]
[TimeControl "5400+30"]

1. d4 d5 2. Nf3 Nf6 3. c4 dxc4 4. e3 e6 5. Bxc4 c5 6. O-O a6 7. Re1 {[%emt 0:00:30] D27: Queen's Gambit Accepted: Classical main line: 7 e4!? and 7 a4.} Nbd7 8. e4 b5 9. Bf1 {[%emt 0:00:30] White is slightly better.} (9. Bd5 $5 Nxd5 10. exd5 $11) 9... cxd4 {[%emt 0:00:30] [#]} 10. Nxd4 $146 ({Predecessor:} 10. e5 Nd5 11. Nxd4 Bc5 12. Nc3 Bb7 13. Ne4 Be7 14. Qg4 Nxe5 15. Qxg7 Ng6 16. Ng5 Bxg5 17. Nxe6 fxe6 18. Rxe6+ {1-0 Martinovic,S (2548)-Afanasiev,N (2522) FIDE World Cup Europe Swiss playoff rapid 2021 (9)}) 10... Bc5 11. Nb3 {[%emt 0:00:30] e5 is the strong threat.} Bb6 12. e5 Nd5 13. Qg4 Kf8 14. Nc3 (14. Qg3 $14) 14... Bb7 (14... h5 $5 15. Qg5 Qxg5 16. Bxg5 Nxc3 17. bxc3 h4 $11) 15. Bg5 (15. h4 {simplifies} h5 16. Qg3 Qb8 17. Nxd5 Bxd5 18. Bf4) 15... Qb8 (15... h5 {simplifies} 16. Bxd8 hxg4 17. Bxb6 N5xb6 18. Na5 Rb8) 16. Nxd5 {[%emt 0:00:30][%mdl 64] [#] Remove Defender} (16. Qg3 {simplifies} h6 17. Nxd5 Bxd5 18. Be3) 16... Bxd5 17. Rac1 h6 18. Qb4+ Kg8 19. Be7 g6 {[%emt 0:00:30] Black is weak on the dark squares} (19... Nxe5 $2 20. Bd6 Qa7 21. Rxe5 $18) 20. Bd6 $36 {[%emt 0:00:30][%mdl 2048] White is pushing.} Qa7 21. Rc2 Kg7 22. Rec1 {[%emt 0:00:30][%cal Oc2c7] [#] And now Rc7! would win.} Bb7 23. Bc7 {[%emt 0:00:30] Black must now prevent Qe7. White is more active.} Rhe8 {[%emt 0:00:30] Dodges Qe7} 24. Qd6 Bc8 {[%emt 0:00:30][%mdl 8192] A mistake that costs the game.} (24... Red8 $16 {keeps some hope.}) 25. g3 $18 {[%emt 0:00:30] White is clearly winning.} Bxc7 26. Rxc7 (26. Qxc7 Qxc7 27. Rxc7 Nxe5 $11) 26... Qb8 27. Bg2 ({Not} 27. Rxd7 Bxd7 28. Qxd7 Rd8 $16) 27... Ra7 28. Rxa7 Qxa7 29. Rc7 Qb8 30. Bc6 {[%emt 0:00:30] Weighted Error Value: White=0.09 (flawless) /Black=0.45} ({Worse is} 30. Rxd7 Bxd7 31. Qxd7 Rd8 $15) 1-0

[Event "3rd Sharjah Challengers 2023"]
[Site "Sharjah"]
[Date "2023.05.20"]
[Round "4.2"]
[White "Bai, Adelard"]
[Black "Fawzy, Adham"]
[Result "1/2-1/2"]
[ECO "E65"]
[WhiteElo "2409"]
[BlackElo "2495"]
[Annotator "TA"]
[PlyCount "90"]
[EventDate "2023.05.16"]
[EventType "swiss"]
[EventCountry "UAE"]
[SourceTitle "playchess.com"]
[Source "ChessBase"]
[SourceQuality "1"]
[TimeControl "5400+30"]

1. d4 Nf6 2. c4 g6 3. g3 Bg7 4. Bg2 d6 5. Nf3 O-O 6. O-O c5 7. Nc3 Nc6 8. dxc5 dxc5 9. Be3 Be6 10. Qa4 Nd4 11. Rad1 Bd7 {[%emt 0:00:50] E65: King's Indian: Fianchetto: 6...c5 7 0-0 without d5 by White.} 12. Qa3 Nc2 13. Qxc5 b6 $1 14. Qg5 h6 $1 15. Qf4 (15. Qh4 $5 Nxe3 16. fxe3 $14) 15... g5 $1 16. Qe5 {[%emt 0:01:44] Hoping for Nd4.} Rc8 17. Nd5 Nxd5 18. Qxd5 Bc6 {[%emt 0:00:08] [#]} 19. Qf5 $146 ({Predecessor:} 19. Qxd8 Rfxd8 20. b3 e6 21. g4 f5 22. h3 Be4 23. gxf5 exf5 24. Nh2 Kf7 25. Bc1 {1-0 Banusz,T (2600)-Schroeder,J (2564) Bundesliga 2122 2022 (9.2)}) 19... Nxe3 20. fxe3 (20. Rxd8 $2 {perishes.} Nxf5 21. Rxc8 Rxc8 $19) 20... Qc7 21. b3 e6 22. Qc2 Ba8 {[%emt 0:17:40] A strong pair of Bishops.} 23. Nd4 Bxg2 24. Kxg2 b5 25. Rc1 (25. Nxb5 $2 {loses.} Qc6+ 26. Kf2 Qxb5 $19) 25... Qb7+ 26. Kg1 bxc4 27. bxc4 Rfd8 28. Rfd1 Qb4 29. Rd3 Bf6 30. Nb3 Kg7 31. c5 Qe4 32. Qc4 Qe5 33. Nd4 ({White should try} 33. c6 $16) 33... g4 $1 $14 34. Nb3 (34. c6 $5 Bg5 35. Rcc3 $14) 34... Rxd3 35. Qxd3 Rd8 $1 {[%emt 0:00:00][%cal Bc8d8,Bd8d5,Bd5c5][%mdl 32] Against c6} 36. Nd4 Bg5 (36... Rd5 $1 $11) 37. Rc3 ({White should play} 37. Kf2 $1 $14) 37... Rd5 $11 38. c6 {[%emt 0:01:21] Threatens to win with c7.} Bd8 39. Qc4 (39. Rc4 $11 {keeps the balance.}) 39... Bc7 $1 $17 40. Rd3 {[%emt 0:03:44] [#]} Rc5 $1 41. Nxe6+ {[%emt 0:00:08][%mdl 64] Discovered Attack} fxe6 42. Qxg4+ {[%emt 0:00:15] [#]} Kh8 (42... Kf8 $1 $17 {...Qa1+ would be deadly.} 43. e4 (43. Rd7 Rc1+ 44. Kg2 Qf6 $17) 43... Rxc6) 43. Qg6 $11 {[%emt 0:00:51] Strongly threatening Qe8+. The board is on fire. The position is equal.} Rd5 $1 44. Qe8+ Kg7 45. Qe7+ Kg6 {[%emt 0:00:46] Weighted Error Value: White=0.14 (very precise) /Black=0.07 (flawless)} 1/2-1/2

[Event "3rd Sharjah Challengers 2023"]
[Site "Sharjah"]
[Date "2023.05.20"]
[Round "4.3"]
[White "Rios, Cristhian Camilo"]
[Black "Mammadova, Gulnar"]
[Result "1/2-1/2"]
[ECO "A14"]
[WhiteElo "2469"]
[BlackElo "2349"]
[Annotator "TA"]
[PlyCount "35"]
[EventDate "2023.05.16"]
[EventType "swiss"]
[EventCountry "UAE"]
[SourceTitle "playchess.com"]
[Source "ChessBase"]
[SourceQuality "1"]
[TimeControl "5400+30"]

1. Nf3 Nf6 2. g3 d5 3. Bg2 e6 4. O-O Be7 5. c4 O-O 6. b3 c5 7. Bb2 {[%emt 0:00:49] 7.cxd5 is more fashionable.} d4 {[%emt 0:00:52] [#] A14: English Opening: 1...e6 with b3 by White.} 8. b4 $1 Re8 9. d3 Bf8 10. bxc5 Bxc5 11. Nbd2 e5 $1 12. Nb3 Nbd7 13. Nxc5 Nxc5 14. Ba3 Qa5 {[%emt 0:04:43] [#]} 15. Bxc5 $146 ({Predecessor:} 15. Qc1 Rb8 16. Rb1 a6 17. Bb4 Qc7 18. Qa3 Nfd7 19. e3 dxe3 20. fxe3 b6 21. Ng5 Rf8 22. d4 a5 23. Bxc5 bxc5 24. Rxb8 Nxb8 25. Bd5 Bb7 26. Bxf7+ Kh8 27. Ne6 {1-0 Fromm,M (2014)-Mauser,T (1860) Mecklenburg VP-ch MT 2018 (2.5)}) 15... Qxc5 16. Nd2 Rb8 17. Rb1 b6 18. Qa4 {[%emt 0:17:38] Not much happened in this game.   Weighted Error Value: White=0.06 (flawless) /Black=0.07 (flawless)} 1/2-1/2

[Event "3rd Sharjah Challengers 2023"]
[Site "Sharjah"]
[Date "2023.05.20"]
[Round "4.4"]
[White "Tulendinov, Dinmukhammed"]
[Black "Ohanyan, Emin"]
[Result "0-1"]
[ECO "B23"]
[WhiteElo "2164"]
[BlackElo "2444"]
[Annotator "TA"]
[PlyCount "50"]
[EventDate "2023.05.16"]
[EventType "swiss"]
[EventCountry "UAE"]
[SourceTitle "playchess.com"]
[Source "ChessBase"]
[SourceQuality "1"]
[TimeControl "5400+30"]

1. e4 c5 2. Nc3 e6 3. Nge2 Nf6 4. g3 b5 5. Bg2 Bb7 $1 6. d3 {[%emt 0:00:30] B23: Closed Sicilian: Lines without g3.} b4 7. Na4 d5 {[%emt 0:00:30][%cal Rd5e4] [#]} 8. e5 $146 {[%emt 0:00:30] The position is equal.} ({Predecessor:} 8. f3 Nbd7 9. b3 h5 10. h3 Bd6 11. c4 Qc7 12. O-O Bxg3 13. Nxg3 Qxg3 14. Be3 {0-1 Helin,M (1905)-Aagaard,J (2506) Politiken Cup 34th 2012 (1)}) 8... Nfd7 9. f4 Be7 10. O-O O-O (10... Nb6 $5 11. c3 bxc3 $11) 11. c4 (11. a3 {simplifies} a5 12. c4 Nb6 13. Nxb6 Qxb6 14. cxd5 exd5 15. axb4 axb4 16. Rxa8 Bxa8 17. Be3) 11... Nb6 12. f5 Nxa4 (12... N8d7 {simplifies} 13. fxe6 fxe6 14. Rxf8+ Bxf8 15. Nxb6 axb6 16. Nf4 Nxe5 17. Nxe6 Qd7) 13. f6 Nb6 14. Bg5 (14. fxe7 Qxe7 15. Nf4 Nc6 16. cxd5 Nxd5 17. Nxd5 exd5 $17) 14... gxf6 (14... Nc6 $1 $15 {stays ahead.} 15. fxe7 Nxe7) 15. exf6 $16 Bd6 {[%emt 0:00:30] [#] ...N8d7 is the strong threat.} 16. Nf4 (16. Nd4 $1 $14 N8d7 17. Nxe6) 16... Kh8 $1 $11 {[%emt 0:00:30] And now ...Be5 would win.} 17. Qh5 $1 {[%emt 0:00:30][%cal Of4e6] aiming for Nxe6!} N8d7 {[%emt 0:00:30][%cal Bb8d7,Bd7f8,Bf8g6][%mdl 32] ...Be5 would be deadly.} 18. cxd5 $2 (18. Rae1 $1 $11) 18... Nxd5 $17 (18... Nxf6 $2 19. Qh4 Be5 20. Be4 (20. Nh5 Nbxd5 21. Bxd5 Bd4+ 22. Rf2 Nxd5 $16) 20... Nxe4 21. Bxd8 Raxd8 22. dxe4 $18) 19. Qh6 $2 {[%emt 0:00:30] This move loses the game for White.} (19. Nxd5 $17 {was necessary.} exd5 20. Bh6 Nxf6 21. Qf5) 19... Rg8 $19 ({Much less strong is} 19... N7xf6 20. Bxd5 Be7 21. Bxb7 $18) 20. Be4 {[%emt 0:00:30][%csl Ge4][%cal Rh6h7] [#]} Nf8 ({Weaker is} 20... N7xf6 21. Nxd5 Rxg5 22. Nxf6 Bxe4 23. Qxg5 $14 (23. dxe4 Rg7 $15)) 21. Nh5 Ng6 22. Ng7 Be5 {[%emt 0:00:30] Black is clearly winning.} 23. Nxe6 Qb6 24. Ng7 c4+ 25. Rf2 Nxf6 {[%emt 0:00:30] Weighted Error Value: White=0.78/Black=0.19 (very precise)} 0-1

[Event "3rd Sharjah Challengers 2023"]
[Site "Sharjah"]
[Date "2023.05.20"]
[Round "4.5"]
[White "Nigmatov, Ortik"]
[Black "Liyanage, Ranindu Dilshan"]
[Result "1-0"]
[ECO "C11"]
[WhiteElo "2438"]
[BlackElo "2342"]
[Annotator "TA"]
[PlyCount "93"]
[EventDate "2023.05.16"]
[EventType "swiss"]
[EventCountry "UAE"]
[SourceTitle "playchess.com"]
[Source "ChessBase"]
[SourceQuality "1"]
[TimeControl "5400+30"]

1. e4 e6 2. d4 d5 3. Nc3 Nf6 4. e5 Nfd7 5. f4 c5 6. Nf3 Nc6 7. Be3 a6 8. a3 cxd4 9. Nxd4 Bc5 10. Qd2 Nxd4 11. Bxd4 Bxd4 12. Qxd4 Qb6 {[%emt 0:00:05] C11: French: Classical System: 4 e5 and 4 Bg5 dxe4.} 13. Qxb6 Nxb6 14. Bd3 Bd7 {[%emt 0:02:05] The position is equal.} 15. Ne2 {[%emt 0:00:44] [#]} Na4 $146 ({Predecessor:} 15... Ke7 16. Nd4 g6 17. Ke2 h5 18. h4 Na4 19. b3 Nc5 20. a4 a5 {0-1 Shevchenko,K (2649)-Carlsen,M (2859) MrDodgy Online Inv Finals 3rd blitz 2022 (2.4)}) 16. b3 Nc5 17. Nd4 f5 18. Kd2 Ke7 19. b4 Na4 20. g4 g6 (20... fxg4 $11 {keeps the balance.} 21. Rag1 h5) 21. Rhg1 Rhg8 22. Rg3 {[%emt 0:00:38] White is more active.} (22. gxf5 $16 {And now f6+ would win.} exf5 23. h4) 22... Raf8 {[%emt 0:07:04] Loses the game.} ({Better is} 22... fxg4 $14 23. Rxg4 Rac8) 23. gxf5 $18 gxf5 {[%emt 0:03:29] [#]} 24. Rag1 $1 $36 {[%emt 0:00:09][%mdl 2048] White is really pushing.} Rxg3 25. Rxg3 Be8 (25... Nb6 $142 26. Rh3 Rf7) 26. c4 {[%emt 0:02:47] aiming for cxd5.} Nb6 27. c5 Na8 {[%emt 0:00:18] [#]} 28. c6 $1 {[%emt 0:08:03][%mdl 576] Deflection} Bxc6 29. Nxc6+ bxc6 30. Bxa6 {[%emt 0:00:48][%mdl 4096] Endgame KRB-KRN} Nb6 31. Bb7 {[%emt 0:01:24][%cal Od2c3] Dodges Ra8. Black must now prevent Kc3!} Nc4+ 32. Ke2 Kf7 33. Bxc6 Rc8 (33... Rb8 {was necessary.} 34. Rh3 h5 35. Rxh5 Rb6) 34. Bb5 Nb6 35. Kd2 {[%emt 0:00:14] Against Rc2+} Nc4+ $2 (35... d4 36. Rh3 Nd5 37. Rxh7+ Kg6) 36. Bxc4 Rxc4 {[%emt 0:00:07] KR-KR} 37. b5 Ke7 38. Rg7+ Kd8 39. b6 {[%emt 0:02:23] b7 would kill now.} Kc8 40. Rxh7 {[%emt 0:00:43][%cal Oh7c7] White threatens Rc7+! and mate.} Rxf4 41. h4 Ra4 42. h5 {[%emt 0:01:18] White mates.} Rxa3 43. h6 Rb3 44. Rg7 Rxb6 45. h7 Rb2+ 46. Kc3 Rh2 47. Rg8+ {[%emt 0:00:07] Weighted Error Value: White=0.06 (flawless) /Black=0.53} 1-0

[Event "3rd Sharjah Challengers 2023"]
[Site "Sharjah"]
[Date "2023.05.20"]
[Round "4.6"]
[White "Sibashvili, Giorgi"]
[Black "Vandenbussche, Thibaut"]
[Result "1-0"]
[ECO "D34"]
[WhiteElo "2408"]
[BlackElo "2437"]
[Annotator "TA"]
[PlyCount "119"]
[EventDate "2023.05.16"]
[EventType "swiss"]
[EventCountry "UAE"]
[SourceTitle "playchess.com"]
[Source "ChessBase"]
[SourceQuality "1"]
[TimeControl "5400+30"]

1. d4 d5 2. c4 e6 3. Nf3 c5 4. cxd5 exd5 5. Nc3 Nc6 6. g3 Nf6 7. Bg2 Be7 8. O-O O-O 9. b3 Ne4 10. Bb2 Bf6 11. Na4 Re8 12. Rc1 cxd4 13. Nxd4 {[%emt 0:00:57] [#]} h5 $146 {[%emt 0:18:21] D34: Tarrasch Defence: 6 g3 Nf6 7 Bg2 Be7.} ({Predecessor:} 13... Bd7 14. Nc5 Nxd4 15. Bxd4 Bb5 16. Re1 b6 17. Nxe4 dxe4 18. Bxf6 Qxd1 19. Rexd1 gxf6 20. e3 Be2 21. Rd7 {½-½ Sargissian,G (2702)-Harikrishna,P (2753) China Elite Mind rapid 2016 (7)}) 14. Nxc6 bxc6 15. Rxc6 Bxb2 {[%emt 0:06:29] White is slightly better.} 16. Nxb2 Bb7 17. Rc2 d4 18. Na4 (18. e3 $16) 18... Qf6 19. Rc7 Nc3 20. Nxc3 Bxg2 21. Kxg2 dxc3 22. Qd3 Rac8 23. Rxc8 (23. Rxa7 $2 c2 24. Rc1 Red8 25. Rxc2 Rxd3 26. Rxc8+ Rd8 27. Rxd8+ Qxd8 $19) 23... Rxc8 $16 {[%emt 0:00:01][%mdl 4096] Endgame KQR-KQR} 24. Rc1 h4 25. Rc2 (25. f3 $16) 25... h3+ $1 $11 {[%emt 0:04:47][%mdl 64] Deflection} 26. Kxh3 {[%emt 0:06:03] e4 would be deadly.} Qxf2 27. Qf3 Qe1 {[%emt 0:03:56] [#]} (27... Qg1 $11 {keeps the balance.}) 28. Kg2 $1 $16 Qd1 {[%emt 0:02:59] [#]} ({Black should try} 28... Qb1 29. Rxc3 Rxc3 30. Qxc3 Qxa2) 29. Qd3 $1 $36 {[%emt 0:01:26][%mdl 2048] Keeping Black busy.} Qe1 30. Qd7 {[%emt 0:04:06][%csl LRa7,LRc8] Against Rc6} Rc5 31. Qd8+ Kh7 32. Qd4 Qb1 33. Qd3+ (33. Qxc5 $6 Qxc2 34. Kf2 (34. Qxa7 $2 Qxe2+ 35. Qf2 Qxf2+ 36. Kxf2 c2 $19) 34... Qd2 $11) 33... f5 34. g4 Rd5 (34... Kg6 $16 {was necessary.} 35. h3 (35. Rxc3 Qxd3 36. Rxd3 fxg4 $16) 35... Kh7 36. Rxc3 {[%mdl 64] Discovered Attack} (36. gxf5 Rd5 $16) 36... Qxd3 37. Rxd3 Rc2) 35. Qh3+ $18 (35. Qxd5 Qxc2 36. Kf2 fxg4 $11) (35. Qxc3 fxg4 36. Qb2 Qxb2 37. Rxb2 Kg6 $16) 35... Kg6 36. Rxc3 (36. Qxc3 $6 Qd1 37. Qc8 Kg5 $18) (36. Qh5+ $18 {has better winning chances.} Kf6 37. g5+ (37. Rxc3 Qe4+ 38. Kh3 f4 $18) 37... Ke7 38. Rxc3) 36... Qe4+ $16 37. Qf3 Qxg4+ 38. Qxg4+ fxg4 {[%emt 0:00:01] KR-KR} 39. Rc6+ Kf5 $2 (39... Kh5 $16) 40. Ra6 $18 Rd2 41. Kf2 ({Less strong is} 41. Rxa7 Rxe2+ 42. Kg3 Re3+ 43. Kf2 Rd3 $16) 41... Rd7 42. Kg3 Re7 43. Ra5+ Ke4 (43... Kg6 {might work better.} 44. Kxg4 Rxe2 45. Ra6+ (45. Rxa7 Rxh2 46. a4 Rg2+ 47. Kf4 Rb2 $18) 45... Kf7 46. Rxa7+ Kf6) 44. Kxg4 {[%emt 0:00:00] Kg5 is the strong threat. White is clearly winning.} Ke3 (44... Re6 $142 45. Rxa7 Rg6+ 46. Kh3 Kd5) 45. Kf5 {[%emt 0:00:33] Strongly threatening Re5+.} Rc7 46. Re5+ Kd4 47. Re4+ Kd5 {[%emt 0:00:18] [#]} 48. Rc4 $1 Rf7+ 49. Kg6 Rf2 50. h4 ({Weaker is} 50. Kxg7 Rxh2 51. e4+ Ke5 $18) 50... Rxe2 51. Ra4 Re7 52. h5 Kc5 53. Rf4 a5 54. Rf7 Re2 55. Rf5+ Kb6 56. Kxg7 Rg2+ 57. Kf7 Rxa2 58. h6 Rh2 59. Kg6 Rg2+ 60. Rg5 {[%emt 0:00:11] Weighted Error Value: White=0.13 (very precise) /Black=0.33} 1-0

[Event "3rd Sharjah Challengers 2023"]
[Site "Sharjah"]
[Date "2023.05.20"]
[Round "4.7"]
[White "Saydaliev, Saidakbar"]
[Black "Eiti, Bashir"]
[Result "1/2-1/2"]
[ECO "C41"]
[WhiteElo "2434"]
[BlackElo "2346"]
[Annotator "TA"]
[PlyCount "101"]
[EventDate "2023.05.16"]
[EventType "swiss"]
[EventCountry "UAE"]
[SourceTitle "playchess.com"]
[Source "ChessBase"]
[SourceQuality "1"]
[TimeControl "5400+30"]

1. e4 d6 2. d4 Nf6 3. Nc3 Nbd7 4. Nf3 e5 5. Rg1 c6 6. g4 {[%emt 0:01:08] C41: Philidor Defence.} exd4 (6... Qa5 {feels hotter.} 7. Qe2 Qb6 8. g5 exd4 9. e5 dxc3 10. exd6+ Kd8) 7. Nxd4 {[%emt 0:07:35] [#]} d5 $146 ({Better is} 7... Nc5 $14) ({Predecessor:} 7... h6 8. Be3 d5 9. exd5 cxd5 10. Qe2 Be7 11. O-O-O O-O 12. g5 hxg5 13. Bxg5 Nc5 {1-0 Bartel,M (2627)-Bortnyk,O (2604) Speed Chess Q1 blitz 2022 (5)}) 8. Qe2 {[%emt 0:02:17] White is more active.} (8. exd5 $16 Qe7+ 9. Be3 (9. Qe2 Qxe2+ 10. Bxe2 Bc5 $16) 9... Nxd5 10. Nxd5 cxd5 11. Qd2) 8... Be7 9. e5 (9. exd5 $5 Nb6 10. Bg5 $11) 9... Ne4 10. Nxe4 dxe4 11. Qxe4 {[%emt 0:01:08] Threatening e6.} Qa5+ 12. Bd2 (12. c3 $5 ) 12... Qxe5 13. Qxe5 Nxe5 14. Be2 O-O 15. O-O-O Re8 16. a4 Bc5 17. Bc3 Ng6 18. Bc4 Nf4 19. Nf5 (19. f3 $11) 19... Be6 $15 (19... Bxf2 20. Rgf1 Bxf5 21. Rxf2 $16) 20. Bd3 Bxf2 {[%emt 0:06:29] [#] Strongly threatening ...Bxf5.} 21. Rgf1 Bxf5 22. Rxf2 Nxd3+ (22... Bxg4 $6 23. Rxf4 Bxd1 24. Kxd1 $11) 23. cxd3 Be6 (23... Bxg4 24. Rg1 $14) 24. a5 Rad8 ({Don't do} 24... Bxg4 25. Rg1 $14) 25. Kc2 Rd5 ({Reject} 25... Bxg4 $6 26. Rg1 h5 27. h3 Re2+ 28. Rxe2 Bxe2 29. Rxg7+ Kf8 30. Rg3 $11) 26. Rg1 Red8 27. Rg3 c5 28. Re2 b5 29. axb6 axb6 30. Re5 R5d6 31. Rg5 g6 32. h4 Bd7 {[%emt 0:02:29] [#] And now ...f6 would win.} 33. Re5 f6 34. Re7 Re8 35. Rxe8+ Bxe8 {[%emt 0:00:03][%mdl 4096] Endgame KRB-KRB} 36. g5 f5 37. Re3 Kf7 38. Be5 Re6 39. Kd2 Rc6 (39... Bc6 $15) 40. d4 cxd4 41. Bxd4 Rd6 42. Kc3 Bd7 43. Be5 Rc6+ 44. Kd4 Rc2 45. b4 (45. Bf6 $11 {is superior.}) 45... Bb5 46. Kd5 Rd2+ 47. Bd4 {[%emt 0:00:01] The position is equal.} Bd3 ({Don't take} 47... f4 48. Re4 $14) 48. Ke5 b5 49. Bc3 Rd1 50. Re1 Rxe1+ 51. Bxe1 {[%emt 0:00:03] Weighted Error Value: White=0.14 (very precise) /Black=0.09 (flawless)} 1/2-1/2

[Event "3rd Sharjah Challengers 2023"]
[Site "Sharjah"]
[Date "2023.05.20"]
[Round "4.8"]
[White "Begmuratov, Khumoyun"]
[Black "Haznedaroglu, Kivanc"]
[Result "1/2-1/2"]
[ECO "B03"]
[WhiteElo "2387"]
[BlackElo "2418"]
[Annotator "TA"]
[PlyCount "55"]
[EventDate "2023.05.16"]
[EventType "swiss"]
[EventCountry "UAE"]
[SourceTitle "playchess.com"]
[Source "ChessBase"]
[SourceQuality "1"]
[TimeControl "5400+30"]

1. e4 Nf6 2. e5 Nd5 3. d4 d6 4. c4 Nb6 5. exd6 exd6 6. Nf3 Be7 7. Be2 {[%emt 0:01:33] 7.h3 is the fancy move.} O-O 8. O-O Bf5 9. Nc3 {[%emt 0:04:24] B03: Alekhine's Defence: Four Pawns Attack.} Bf6 10. Be3 c6 {[%emt 0:04:31] [#]} 11. b3 $146 {[%emt 0:12:15] White is slightly better.} ({Predecessor:} 11. Qd2 d5 12. b3 dxc4 13. bxc4 Be6 14. c5 Nc4 15. Bxc4 Bxc4 16. Rfb1 b6 17. Ne4 {0-1 Peczely,S (2255)-Plichta,K (2336) Zalakaros op 35th 2016 (5)}) 11... Na6 12. Qd2 Nc7 13. Bd3 Bxd3 14. Qxd3 d5 15. c5 Nd7 16. b4 a6 17. Nd2 Re8 18. Nb3 Ne6 19. f4 Ndf8 20. Rae1 h6 21. g3 Re7 22. Re2 Qd7 {[%emt 0:01:48] The position is equal.} 23. Rfe1 Rae8 24. a4 h5 25. f5 Ng5 26. Bxg5 Bxg5 27. h4 Bh6 28. Rxe7 {[%emt 0:01:49] Weighted Error Value: White=0.08 (flawless) /Black=0.05 (flawless)} (28. Qf3 $5 ) 1/2-1/2